 Dungeon Crawl Stone Soup version 0.22-a0-482-g76e0a5f (webtiles) character file.

13151 Amnesiac the Nimble (level 11, -16/87 HPs)
             Began as a Mummy Necromancer on June 17, 2018.
             Was a High Priest of Kikubaaqudgha.
             Demolished by a red ugly thing (19 damage)
             ... on level 12 of the Dungeon.
             The game lasted 00:38:24 (15189 turns).

Amnesiac the Nimble (Mummy Necromancer)            Turns: 15189, Time: 00:38:25

Health: -16/87     AC:  4    Str: 11    XL:     11   Next: 71%
Magic:  9/29       EV: 25    Int: 18    God:    Kikubaaqudgha [*****.]
Gold:   650        SH:  6    Dex: 19    Spells: 10/22 levels left

rFire    . . .     SeeInvis .   a - +0 short sword (speed)
rCold    . . .     Gourm    .   k - +0 buckler
rNeg     + + +     Faith    .   j - +0 robe
rPois    ∞         Spirit   .   f - +0 helmet
rElec    .         Reflect  .   (no cloak)
rCorr    .         Harm     .   (no gloves)
MR       +....                  c - +0 pair of boots
Stlth    +++.......             z - amulet "Yssirpha" {Acrobat rF+ Dex+3}
HPRegen  0.24/turn              y - ring of Ekes {rC- MP+9 Dex+3 Slay+5 Stlth+}
MPRegen  0.21/turn              v - +4 ring of evasion

@: no status effects
A: no food or potions, fire vulnerability, cold resistance 1, negative energy
resistance 3, torment resistance, unbreathing
a: Receive Corpses, Torment, Renounce Religion


You were on level 12 of the Dungeon.
You worshipped Kikubaaqudgha.
Kikubaaqudgha was extremely pleased with you.
You were not hungry.

You visited 2 branches of the dungeon, and saw 13 of its levels.

You collected 650 gold pieces.

Inventory:

Hand Weapons
 a - a +0 short sword of speed (weapon)
 b - a +0 blowgun
Missiles
 p - 19 poisoned needles
Armour
 c - a +0 pair of boots (worn)
 f - a +0 helmet (worn)
 j - a +0 robe (worn)
 k - a +0 buckler (worn)
 r - a +0 crystal plate armour
 x - +0 acid dragon scales
Magical Staves
 t - an uncursed staff of fire
Jewellery
 m - an uncursed amulet of guardian spirit
 v - a +4 ring of evasion (right hand)
 y - the ring of Ekes (left hand) {rC- MP+9 Dex+3 Slay+5 Stlth+}
   (You took it off a crimson imp on level 11 of the Dungeon)

   [ring of magical power]

   It affects your dexterity (+3).
   It affects your accuracy and damage with ranged weapons and melee attacks
   (+5).
   It makes you vulnerable to cold.
   It affects your magic capacity (+9).
   It makes you more stealthy.
 z - the amulet "Yssirpha" (around neck) {Acrobat rF+ Dex+3}
   (You found it on level 11 of the Dungeon)

   [amulet of the acrobat]

   It helps you evade while moving and waiting.
   It affects your dexterity (+3).
   It protects you from fire.
 A - the amulet of Cheibriados's Anger {Harm *Drain +Fly rElec rC- Int+4}
   (You found it on level 11 of the Dungeon)

   [amulet of harm]

   It increases damage dealt and taken.
   It affects your intelligence (+4).
   It makes you vulnerable to cold.
   It insulates you from electricity.
   It lets you fly.
   It causes draining when unequipped.
Wands
 q - a wand of random effects (16)
Scrolls
 d - 4 scrolls of remove curse {!r}
 e - 2 scrolls of identify {!r}
 g - 2 scrolls of magic mapping {!r}
 h - 2 scrolls of blinking {!r}
 i - 3 scrolls of enchant armour {!r}
 l - a scroll of enchant weapon {!r}
 o - a scroll of fog {!r}
 s - a scroll of fear {!r}
 u - a scroll of silence {!r}
Miscellaneous
 w - a lightning rod (inert)


   Skills:
 + Level 8.9 Fighting
 * Level 10.8 Dodging
 - Level 1.5 Stealth
 - Level 4.0 Shields
 - Level 6.0 Spellcasting
 + Level 9.6 Necromancy


You had 10 spell levels left.
You knew the following spells:

 Your Spells              Type           Power        Failure   Level  Hunger
a - Pain                  Necr           ####         1%          1    N/A
d - Vampiric Draining     Necr           #####.....   1%          3    N/A
e - Dispel Undead         Necr           #####...     6%          5    N/A
s - Conjure Flame         Conj/Fire      #.......     34%         3    N/A

Your spell library contained the following spells:

 Spells                   Type           Power        Failure   Level  Hunger
 Freezing Cloud           Conj/Ice/Air   #.........   100%        6    N/A
 Mephitic Cloud           Conj/Pois/Air  #.......     34%         3    N/A
 Ring of Flames           Chrm/Fire      #.........   100%        7    N/A
 Animate Dead             Necr           N/A          2%          4    N/A
 Animate Skeleton         Necr           N/A          1%          1    N/A
 Regeneration             Chrm/Necr      ###.......   4%          3    N/A
 Corpse Rot               Necr           N/A          1%          2    N/A
 Spider Form              Tmut/Pois      #.........   34%         3    N/A
 Blade Hands              Tmut           #.........   97%         5    N/A
 Ice Form                 Ice/Tmut       #.......     75%         4    N/A
 Death Channel            Necr           #####.....   34%         6    N/A
 Sticks to Snakes         Tmut           #.......     19%         2    N/A
 Simulacrum               Ice/Necr       ###.......   95%         6    N/A
 Excruciating Wounds      Chrm/Necr      ###.......   43%         5    N/A
 Shroud of Golubria       Chrm/Tloc      #.........   19%         2    N/A
 Beastly Appendage        Tmut           #.....       12%         1    N/A
 Infusion                 Chrm           #...         12%         1    N/A
 Song of Slaying          Chrm           #.......     19%         2    N/A
 Spectral Weapon          Hex/Chrm       #.......     34%         3    N/A
 Poisonous Vapours        Pois/Air       #.....       19%         2    N/A

Dungeon Overview and Level Annotations

Branches:
Dungeon (12/15)            Temple (1/1) D:4            Lair (0/6) D:10
    Orc: D:9-12

Altars:
Ashenzari
Cheibriados
Dithmenos
Elyvilon
Fedhas
Gozag
Hepliaklqana
Kikubaaqudgha
Makhleb
Nemelex Xobeh
Okawaru
Qazlal
Ru
Trog
Uskayaw
Vehumet
Wu Jian
Xom
Yredelemnul
Zin
The Shining One

Shops:
D:5 :   D:7 (

Annotations:
D:4 Findor's ghost, novice GnWn
D:10 exclusion: 2 hell hounds


Innate Abilities, Weirdness & Mutations

You do not eat or drink.
Your flesh is vulnerable to fire.
You are immune to poison.
Your flesh is cold resistant. (rC+)
You are immune to negative energy. (rN+++)
You are immune to unholy pain and torment.
You can survive without breathing.


Message History

You feel life coursing into your body.
Your magical contamination has completely faded away.
Unknown command.
Casting: Vampiric Draining (safe; 1% risk of failure)
Confirm with . or Enter, or press ? or * to list all spells.
Aiming: Vampiric Draining (safe; 1% risk of failure)
Press: ? - help, Shift-Dir - straight line, f/p - red ugly thing
Aim: a red ugly thing (moderately wounded)
The red ugly thing is heavily wounded.
You feel life coursing into your body. The red ugly thing barely misses you.
Unknown command.
Casting: Vampiric Draining (safe; 1% risk of failure)
Confirm with . or Enter, or press ? or * to list all spells.
Aiming: Vampiric Draining (safe; 1% risk of failure)
Press: ? - help, Shift-Dir - straight line, f/p - red ugly thing
Aim: a red ugly thing (heavily wounded)
The red ugly thing is severely wounded.
You feel life coursing into your body. You block the red ugly thing's attack.
Unknown command.
Casting: Vampiric Draining (safe; 1% risk of failure)
Confirm with . or Enter, or press ? or * to list all spells.
Aiming: Vampiric Draining (safe; 1% risk of failure)
Press: ? - help, Shift-Dir - straight line, f/p - red ugly thing
Aim: a red ugly thing (severely wounded)
The red ugly thing is severely wounded.
You feel life coursing into your body. You block the red ugly thing's attack.
The cyan ugly thing tentacle-slaps you! The cyan ugly thing shocks you!
* * * LOW HITPOINT WARNING * * *
Unknown command.
Casting: Vampiric Draining (safe; 1% risk of failure)
Confirm with . or Enter, or press ? or * to list all spells.
Aiming: Vampiric Draining (safe; 1% risk of failure)
Press: ? - help, Shift-Dir - straight line, f - cyan ugly thing, p - red ugly thing
Aim: a cyan ugly thing (almost dead)
The cyan ugly thing is almost dead.
You feel life coursing into your body. The red ugly thing tentacle-slaps you.
You are engulfed in flames!!
* * * LOW HITPOINT WARNING * * *
The cyan ugly thing tentacle-slaps you!
* * * LOW HITPOINT WARNING * * *
The cyan ugly thing shocks you!
* * * LOW HITPOINT WARNING * * *
Unknown command.
Casting: Vampiric Draining (safe; 1% risk of failure)
Confirm with . or Enter, or press ? or * to list all spells.
Aiming: Vampiric Draining (safe; 1% risk of failure)
Press: ? - help, Shift-Dir - straight line, f/p - cyan ugly thing
Aim: a cyan ugly thing (almost dead)
You kill the cyan ugly thing!
Kikubaaqudgha accepts your kill.
You feel life coursing into your body. You block the red ugly thing's attack.
Unknown command.
Unknown command.
Casting: Vampiric Draining (safe; 1% risk of failure)
Confirm with . or Enter, or press ? or * to list all spells.
Aiming: Vampiric Draining (safe; 1% risk of failure)
Press: ? - help, Shift-Dir - straight line, f - red ugly thing
Aim: a red ugly thing (severely wounded)
The red ugly thing is almost dead.
You feel life coursing into your body. The red ugly thing tentacle-slaps you!
* * * LOW HITPOINT WARNING * * *
You are engulfed in flames!!
You die...
Kikubaaqudgha rasps: "You have failed me!
Welcome... oblivion!"

...#.....!............#..........
.. ........ ..........+..........
.#...#.... ..........#..........
. #!#...###############..........
. #.............................
...........!...................
...#....................>......
#(#..........†.................
#.........).u@................
.....#######'########..........
... #..u..#....#.......... #
#.....#....#.....#####
#.....#....#.....#
#.....#....#.....#
#.....#...<#.....#
#.....#....#.....#
##.####....#..<..#


You could see a red ugly thing.

Vanquished Creatures
  The ghost of Scuka the Geomancer, a journeyman GrEE of Ashenzari (D:12)
  3 two-headed ogres
  An orc knight (D:11)
  A deep elf mage (D:11)
  A cyclops (D:11)
  A manticore (D:11)
  2 ugly things
  A black mamba (shapeshifter) (D:11)
  2 centaur skeletons
  2 kobold demonologists (D:11)
  A troll (D:8)
  A hippogriff (D:8)
  A spriggan (D:9)
  A shadow (D:8)
  A wyvern (D:11)
  3 hungry ghosts
  An acid dragon (D:11)
  4 orc warriors
  5 ice beasts
  A phantom (D:10)
  A black bear (D:7)
  An eye of draining (D:11)
  3 ogres
  5 centaurs
  9 bullfrogs
  5 big kobolds
  4 scorpions
  4 wyvern skeletons
  13 killer bees
  3 electric eels (D:6)
  2 jellies
  2 howler monkeys
  5 crimson imps
  3 hounds
  4 bullfrog skeletons
  11 orc priests
  8 orc wizards
  4 iguanas
  7 worker ants
  A killer bee zombie (D:7)
  2 hound zombies
  A howler monkey zombie (D:7)
  6 adders
  8 gnolls
  A howler monkey skeleton (D:7)
  2 shadow imps
  A worker ant simulacrum (D:11)
  3 oozes
  An adder zombie (D:6)
  3 worms
  An adder skeleton (D:7)
  A dart slug (D:2)
  7 leopard geckos
  20 orcs
  7 bats
  2 giant cockroaches
  3 goblins (D:1)
  8 hobgoblins
  9 jackals
  6 quokkas
  A ball python (D:4)
  5 frilled lizards
  A jackal zombie (D:5)
  55 kobolds
  A quokka skeleton (D:8)
  6 rats
290 creatures vanquished.

Vanquished Creatures (others)
  A ball python (D:3)
  A rat (D:3)
2 creatures vanquished.

Grand Total: 292 creatures vanquished

Notes
Turn   | Place    | Note
-------+----------+-------------------------------------------
     0 | D:1      | Amnesiac the Mummy Necromancer began the quest for the Orb.
     0 | D:1      | Reached XP level 1. HP: 13/13 MP: 4/4
   402 | D:1      | Reached skill level 2 in Dodging
   402 | D:1      | Reached XP level 2. HP: 16/20 MP: 0/6
   621 | D:1      | Reached skill level 1 in Fighting
   830 | D:1      | Reached XP level 3. HP: 26/26 MP: 5/7
   835 | D:1      | Learned a level 3 spell: Vampiric Draining
   950 | D:3      | Noticed a hungry ghost
  1017 | D:3      | Found a radiant altar of Vehumet.
  1261 | D:4      | Found an ornate altar of the Wu Jian Council.
  1316 | D:4      | Noticed Findor's ghost (novice GnWn)
  1373 | D:4      | Found a staircase to the Ecumenical Temple.
  1379 | Temple   | Entered the Ecumenical Temple
  1436 | Temple   | Became a worshipper of Kikubaaqudgha
  1954 | D:2      | Found a basalt altar of Yredelemnul.
  2227 | D:2      | Reached XP level 4. HP: 29/32 MP: 8/8
  2524 | D:2      | Reached skill level 1 in Shields
  3011 | D:4      | Reached XP level 5. HP: 25/37 MP: 0/9
  3097 | D:4      | Reached * piety under Kikubaaqudgha
  3097 | D:4      | Identified Kikubaaqudgha's Grimoire of Evil Rites (Kikubaaqudgha gifted it to you on level 4 of the Dungeon)
  3097 | D:4      | Received a gift from Kikubaaqudgha
  3454 | D:3      | Killed a hungry ghost
  3454 | D:3      | Reached skill level 5 in Necromancy
  3454 | D:3      | Reached XP level 6. HP: 26/43 MP: 5/10
  3500 | D:5      | Entered Level 5 of the Dungeon
  3573 | D:5      | Found a white marble altar of Elyvilon.
  3578 | D:5      | Found a glowing golden altar of the Shining One.
  3581 | D:5      | Found a burning altar of Makhleb.
  3584 | D:5      | Found a shattered altar of Ashenzari.
  3780 | D:5      | Noticed an ice beast
  3792 | D:5      | Killed an ice beast
  3792 | D:5      | Reached skill level 3 in Dodging
  3792 | D:5      | Reached XP level 7. HP: 43/49 MP: 0/11
  3881 | D:5      | Found a sparkling altar of Nemelex Xobeh.
  3928 | D:5      | Found a shadowy altar of Dithmenos.
  3933 | D:5      | Found a glowing silver altar of Zin.
  4329 | D:5      | Found a bloodstained altar of Trog.
  4725 | D:5      | Found Ovele's Book Emporium.
  4970 | D:6      | Reached skill level 4 in Dodging
  5146 | D:6      | Reached XP level 8. HP: 58/58 MP: 2/13
  5178 | D:6      | Reached ** piety under Kikubaaqudgha
  5673 | D:6      | Reached skill level 5 in Dodging
  6020 | D:6      | Reached skill level 5 in Spellcasting
  6337 | D:7      | Reached *** piety under Kikubaaqudgha
  6337 | D:7      | Identified Kikubaaqudgha's Guide on Necromancy (Kikubaaqudgha gifted it to you on level 7 of the Dungeon)
  6337 | D:7      | Received a gift from Kikubaaqudgha
  6345 | D:7      | Learned a level 5 spell: Dispel Undead
  6704 | D:7      | Reached skill level 6 in Dodging
  6826 | D:7      | Reached XP level 9. HP: 47/67 MP: 7/17
  6899 | D:7      | Found Gaivafay's Antique Weapon Shop.
  6997 | D:7      | Reached skill level 5 in Fighting
  7540 | D:7      | Learned a level 3 spell: Conjure Flame
  7788 | D:8      | Reached skill level 7 in Dodging
  8297 | D:8      | Reached **** piety under Kikubaaqudgha
  9741 | D:8      | Reached XP level 10. HP: 75/76 MP: 17/19
  9798 | D:8      | Noticed a two-headed ogre
  9832 | D:8      | Killed a two-headed ogre
  9832 | D:8      | Reached skill level 8 in Dodging
 10888 | D:10     | Entered Level 10 of the Dungeon
 11521 | D:10     | Found a blossoming altar of Fedhas.
 11660 | D:10     | Found a staircase to the Lair.
 11788 | D:10     | Reached skill level 9 in Dodging
 12253 | D:11     | Identified a paperback manual
 12306 | D:11     | Noticed a manticore
 12306 | D:11     | Noticed a gargoyle
 12372 | D:11     | Killed a manticore
 12629 | D:11     | Noticed a green ugly thing
 12716 | D:11     | Killed a green ugly thing
 13033 | D:11     | Noticed a red ugly thing
 13109 | D:11     | Noticed a sun demon
 13300 | D:11     | Noticed an orc knight
 13302 | D:11     | Noticed a two-headed ogre
 13302 | D:11     | Noticed a deep elf mage
 13323 | D:11     | Killed a two-headed ogre
 13323 | D:11     | Reached XP level 11. HP: 57/86 MP: 1/20
 13464 | D:11     | Killed an orc knight
 13607 | D:11     | Reached skill level 10 in Dodging
 13620 | D:11     | Killed a deep elf mage
 14050 | D:11     | Got a heavily runed turquoise ring
 14052 | D:11     | Identified the ring of Ekes {rC- MP+9 Dex+3 Slay+5 Stlth+} (You took it off a crimson imp on level 11 of the Dungeon)
 14201 | D:11     | Got a translucent tin ring
 14209 | D:11     | Identified the ring "Hirab" {rC- rN+ Str+2 Dex+3 Stlth+} (You took it off an orc warrior on level 11 of the Dungeon)
 14378 | D:11     | Reached ***** piety under Kikubaaqudgha
 14615 | D:11     | Got a coiled copper amulet
 14618 | D:11     | Got a twitching silver amulet
 14662 | D:11     | Identified the amulet of Cheibriados's Anger {Harm *Drain +Fly rElec rC- Int+4} (You found it on level 11 of the Dungeon)
 14663 | D:11     | Identified the amulet "Yssirpha" {Acrobat rF+ Dex+3} (You found it on level 11 of the Dungeon)
 14849 | D:12     | Noticed Scuka's ghost (journeyman GrEE)
 14894 | D:12     | Noticed a purple ugly thing
 14895 | D:12     | Noticed a red ugly thing
 15000 | D:12     | Noticed a two-headed ogre
 15012 | D:12     | Killed a two-headed ogre
 15050 | D:12     | Killed Scuka's ghost
 15187 | D:12     | HP: 4/87 [cyan ugly thing (13)]
 15188 | D:12     | Killed a cyan ugly thing
 15189 | D:12     | Demolished by a red ugly thing

Vault maps used:
D:1:      erik_arrival_gehennom, minmay_misc_feat_more_columns
D:2:      yredelemnul_altar_generic, first_ration
D:3:      fiery_altar_vehumet, due_unseen_surprise
D:4:      kennysheep_mini_moat, led_sif_book, minmay_temple_entry_fiery
D:5:      nemelex_xobeh_ov_fountains_minmay,
          gammafunk_temple_overflow_forgotten, grunt_temple_overflow_cloverleaf,
          serial_shops, kennysheep_little_box
D:6:      minmay_goblin_kobold_castle
D:7:      serial_shops, nicolae_shop_overgrown_old_shop
D:8:      serial_glass, glass_columns_a, glass_columns_b
D:9:      the_bakery
D:10:     minmay_lair_entry_lava, basic_altar
D:11:     minmay_the_grid_triangle_9x9_rhombus_thin_mashed
D:12:     cheibrodos_fzero
Temple:   cyrus_temple_forest

Skill      XL: |  1  2  3  4  5  6  7  8  9 10 11 |
---------------+----------------------------------+-----
Dodging        | 2 3 4 6 7 9 10 | 10.8
Spellcasting   | 3 5 6 |  6.0
Fighting       | 1 3 4 6 7 8 |  8.9
Shields        | 2 3 4 |  4.0
Necromancy     | 5 6 7 8 9 |  9.6
Stealth        | |  1.5

Action                   |  1- 3 |  4- 6 |  7- 9 | 10-12 || total
-------------------------+-------+-------+-------+-------++-------
Melee: Short sword       |    35 |   117 |  1136 |   394 ||  1682
       Unarmed           |     3 |       |       |       ||     3
       Staff             |       |       |       |     3 ||     3
 Fire: Blowgun           |       |       |     2 |       ||     2
 Cast: Pain              |    82 |    27 |   264 |   155 ||   528
       Vampiric Draining |     1 |     9 |    31 |    43 ||    84
       Dispel Undead     |       |       |     2 |     7 ||     9
       Conjure Flame     |       |       |       |    35 ||    35
Evoke: Wand              |       |       |       |    30 ||    30
       Lightning rod     |       |       |       |     5 ||     5
  Use: Scroll            |       |     3 |     2 |    10 ||    15
 Stab: Sleeping          |       |     4 |     9 |     3 ||    16
       Distracted        |       |       |     1 |     1 ||     2
       Paralysed         |       |       |       |     1 ||     1
Armor: Robe              |    10 |    18 |   148 |    50 ||   226
Dodge: Dodged            |    26 |    53 |   603 |   317 ||   999
Block: Buckler           |       |     8 |   205 |   108 ||   321

Table legend:
 A = Spawn XP
 B = Non-spawn XP
 C = Spawn XP percentage of total XP
 D = Spawn monster count
 E = Non-spawn monster count
 F = Spawn count percentage of total count
 G = Total turns spent on level
                    A         B        C        D         E        F      G
               +---------+---------+-------+---------+---------+-------+---------
         Total |       0 |   18788 |   0.0 |       0 |     290 |   0.0 | 15189
               +---------+---------+-------+---------+---------+-------+---------
           D:1 |       0 |      50 |   0.0 |       0 |      24 |   0.0 |  1396
           D:2 |       0 |      58 |   0.0 |       0 |      18 |   0.0 |   654
           D:3 |       0 |     215 |   0.0 |       0 |       8 |   0.0 |   590
           D:4 |       0 |     171 |   0.0 |       0 |      10 |   0.0 |   774
           D:5 |       0 |     730 |   0.0 |       0 |      19 |   0.0 |  1377
           D:6 |       0 |    1144 |   0.0 |       0 |      62 |   0.0 |  1423
           D:7 |       0 |    1392 |   0.0 |       0 |      40 |   0.0 |  1388
           D:8 |       0 |    3048 |   0.0 |       0 |      32 |   0.0 |  2280
           D:9 |       0 |     940 |   0.0 |       0 |      17 |   0.0 |  1128
          D:10 |       0 |     894 |   0.0 |       0 |      12 |   0.0 |  1436
          D:11 |       0 |    6845 |   0.0 |       0 |      35 |   0.0 |  2255
          D:12 |       0 |    3301 |   0.0 |       0 |      13 |   0.0 |   402
               +---------+---------+-------+---------+---------+-------+---------
